 Dungeon Crawl Stone Soup version 0.21.1-1-g345015f (webtiles) character file.

47 Melicamp the Sneak (level 3, -6/17 HPs)
             Began as a Felid Artificer on Apr 5, 2018.
             Killed from afar by buskinjo's ghost (11 damage)
             ... with a blast of sand
             ... on level 3 of the Dungeon.
             The game lasted 00:10:24 (3484 turns).

Melicamp the Sneak (Felid Artificer)                Turns: 3484, Time: 00:10:25

Health: -6/17      AC:  1    Str:  8    XL:     3   Next: 48%
Magic:  6/6        EV: 18    Int: 12    God:
Gold:   110        SH:  0    Dex: 17    Spells: 2/2 levels left
                                        Lives:  0   Deaths: 1

rFire    . . .     SeeInvis +     - Unarmed
rCold    . . .     Gourm    .   (shield unavailable)
rNeg     . . .     Faith    .   (armour unavailable)
rPois    .         Spirit   .   (helmet unavailable)
rElec    .         Reflect  .   (cloak unavailable)
rCorr    .         Harm     .   (gloves unavailable)
MR       +....                  (boots unavailable)
Stlth    +++.......             p - amulet of rage
HPRegen  0.05/turn              m - ring of protection from magic
MPRegen  0.10/turn              l - +4 ring of slaying

@: quick
A: very small, no armour, no weapons or thrown items, stealth, claws 1, fangs 3,
see invisible, carnivore, speed 1, shaggy fur 1, slow metabolism 1, sharp paws
a: Evoke Berserk Rage


You were on level 3 of the Dungeon.
You were not hungry.

You visited 1 branch of the dungeon, and saw 3 of its levels.

You collected 110 gold pieces.

Inventory:

Missiles
 i - 53 arrows
Jewellery
 a - an uncursed ring of resist corrosion
   (You found it on level 3 of the Dungeon)
 l - a +4 ring of slaying (right paw)
   (You found it on level 1 of the Dungeon)
 m - a ring of protection from magic (left paw)
   (You found it on level 2 of the Dungeon)
 p - an amulet of rage (around neck)
   (You found it on level 3 of the Dungeon)
Wands
 b - a wand of enslavement (6)
 c - a wand of random effects (8)
Potions
 f - 2 potions of agility
 g - 2 potions of might
 h - a potion of cancellation
 j - 2 potions of curing
 r - a potion of degeneration {unknown}
Comestibles
 d - 6 rations


   Skills:
 * Level 3.6 Fighting
 - Level 2.6 Dodging
 + Level 3.6 Stealth
 - Level 1.0 Unarmed Combat
 - Level 3.2 Evocations


You had 2 spell levels left.
You didn't know any spells.

Dungeon Overview and Level Annotations

Branches:
Dungeon (3/15)

Altars:
Ashenzari
Kikubaaqudgha
Ru
Trog

Annotations:
D:3 buskinjo's ghost, amateur OgEE


Innate Abilities, Weirdness & Mutations

You cannot wear armour.
You are incapable of wielding weapons or throwing items.
Your paws allow you to move quietly. (Stealth)
You have sharp claws.
You have razor-sharp teeth.
You have supernaturally acute eyesight. (SInv)
You are carnivorous and can eat meat at any time.
You cover ground quickly.
You are covered in fur. (AC +1)
You have a slow metabolism.
Your sharp claws are effective at attacking unaware monsters.


Message History

You start resting.
Eating a chunk of flesh.
You eat the chunk of flesh.
This raw flesh tastes great.
HP restored.
Buskinjo's ghost turns its malevolent gaze towards you.
Evoke which item? (* to show all) (? for menu, Esc to quit)
Aiming: Enslavement
Press: ? - help, Shift-Dir - straight line, f - buskinjo's ghost
Aim: buskinjo's ghost (chance to defeat MR: 50%)
Okay, then.
Evoke which item? (* to show all) (? for menu, Esc to quit)
Aiming: Enslavement
Press: ? - help, Shift-Dir - straight line, f - buskinjo's ghost
Aim: buskinjo's ghost (chance to defeat MR: 50%) Buskinjo's ghost resists with some effort.
Evoke which item? (* to show all) (? for menu, Esc to quit)
Aiming: Enslavement
Press: ? - help, Shift-Dir - straight line, f/p - buskinjo's ghost
Aim: buskinjo's ghost (chance to defeat MR: 50%) Buskinjo's ghost is charmed.
You swap places.
You see here a club.
You now have 110 gold pieces (gained 10).
A kobold comes into view. It is wielding a dagger.
The kobold moves out of view.
The kobold shouts!
There is a stone staircase leading up here.
The kobold misses you. The kobold closely misses you.
What are your orders? t - Meow!
Orders for allies: a - Attack new target. p - Attack previous target. r - Retreat! s - Stop attacking. g - Guard the area. f - Follow me.
Anything else - Cancel.
Gang up on whom?
Press: ? - help, Dir - move target cursor, f - orc, p - buskinjo's ghost
Aim: an orc, wearing a ring mail Attack!
The kobold completely misses you.
Buskinjo's ghost hits the kobold!
The kobold dies!
Buskinjo's ghost closely misses the orc.
Buskinjo's ghost barely misses the orc.
There is a stone staircase leading up here.
The orc barely misses you.
There is a stone staircase leading up here.
Buskinjo's ghost hits the orc but does no damage.
Buskinjo's ghost casts a spell at the orc.
The blast of sand hits the orc.
Buskinjo's ghost casts a spell at the orc.
The blast of sand hits the orc.
The rat completely misses you.
A blast of sand appears from out of your range of vision.
The blast of sand hits the orc.
The rat completely misses you.
You scratch the rat.
You kill the rat!
A blast of sand appears from out of your range of vision.
The blast of sand hits the orc.
A blast of sand appears from out of your range of vision.
The blast of sand misses the orc.
The orc closely misses you.
You scratch the orc. Your bite misses the orc.
The orc is heavily wounded.
A blast of sand appears from out of your range of vision.
The blast of sand hits the orc.
Buskinjo's ghost hits the orc but does no damage.
The orc hits buskinjo's ghost.
You scratch the orc.
You kill the orc!
Evoke which item? (* to show all) (? for menu, Esc to quit)
Aiming: Random Effects
Press: ? - help, Shift-Dir - straight line, f - buskinjo's ghost
Aim: buskinjo's ghost (lightly damaged, in your thrall, friendly) Really fire at your ally buskinjo's ghost?
Buskinjo's ghost is no longer charmed.
Buskinjo's ghost appears confused.
Buskinjo's ghost hits you.
You see here a ring mail.
There is a stone staircase leading up here.
You scratch buskinjo's ghost but do no damage.
Buskinjo's ghost is lightly damaged.
Buskinjo's ghost misses you.
You catch the helpless buskinjo's ghost completely off-guard!
You scratch buskinjo's ghost. Your bite misses buskinjo's ghost.
Buskinjo's ghost is lightly damaged.
You claw buskinjo's ghost!
Buskinjo's ghost is moderately damaged.
You scratch buskinjo's ghost.
Buskinjo's ghost is heavily damaged.
You see here a ring mail.
You scratch buskinjo's ghost.
Buskinjo's ghost is severely damaged.
You catch the helpless buskinjo's ghost completely off-guard!
You claw buskinjo's ghost!
Buskinjo's ghost is almost destroyed.
Buskinjo's ghost seems less confused.
Buskinjo's ghost hits you!
Ouch! That really hurt!
* * * LOW HITPOINT WARNING * * *
You are too injured to fight recklessly!
There is a stone staircase leading up here.
Buskinjo's ghost points at you and mumbles some strange words.
The blast of sand hits you!
Ouch! That really hurt!
You die...

#.#####....#...............,,,,,
#...##.##..##.##......####*,,,,,
**##....#8..8#.........# ******
*##.......>...(.##.....#
##.....................##*
.#....###8..8##).........*
..#...# ##..####.......#.#**
.###.## #...........##.....*
#**#.# ########@....##.##.*
**,..# ####W.......#*,*** **.###
###)...##...###*,,,* **.*
##..<####*.#..#****,** **,*
#..### *.##..#***,,** ,*,* #.##
*..*#..,,,*,,* ,,** #.#
*,.,*##**,**,* ,** ###.#
****,,*****,,*,* *#######...#
*,,,,,,,,,**,,,**


You could see buskinjo's ghost.

Vanquished Creatures
  Crazy Yiuf (D:2)
  3 adders (D:2)
  2 dart slugs
  2 leopard geckos
  An orc (D:3)
  7 bats
  A giant cockroach (D:2)
  4 goblins
  3 hobgoblins
  A jackal (D:3)
  A quokka (D:2)
  6 frilled lizards
  2 kobolds (D:1)
  2 rats
36 creatures vanquished.

Vanquished Creatures (collateral kills)
  A goblin (D:1)
  A jackal (D:3)
  A frilled lizard (D:1)
  A kobold (D:3)
4 creatures vanquished.

Vanquished Creatures (others)
  2 orcs (D:3)
  A hobgoblin (D:3)
  2 jackals (D:3)
5 creatures vanquished.

Grand Total: 45 creatures vanquished

Notes
Turn   | Place    | Note
-------+----------+-------------------------------------------
     0 | D:1      | Melicamp the Felid Artificer began the quest for the Orb.
     0 | D:1      | Reached XP level 1. HP: 9/9 MP: 4/4
   407 | D:1      | Reached skill level 2 in Stealth
   509 | D:1      | Reached XP level 2. HP: 13/13 MP: 5/5
   633 | D:1      | Reached skill level 2 in Fighting
  1200 | D:2      | Reached XP level 3. HP: 12/16 MP: 6/6
  1517 | D:2      | Found an ancient bone altar of Kikubaaqudgha.
  1518 | D:2      | Found a bloodstained altar of Trog.
  1518 | D:2      | Found a sacrificial altar of Ru.
  1520 | D:2      | Found a shattered altar of Ashenzari.
  1585 | D:2      | Reached skill level 3 in Stealth
  1876 | D:2      | Found a runed door.
  2177 | D:2      | Noticed Crazy Yiuf
  2181 | D:2      | HP: 3/16 [Crazy Yiuf/quarterstaff of chaos (13)]
  2183 | D:2      | Killed Crazy Yiuf
  2183 | D:2      | Reached skill level 3 in Fighting
  2183 | D:2      | Reached XP level 4. HP: 5/21 MP: 3/7
  2457 | D:3      | Noticed buskinjo's ghost (amateur OgEE)
  2686 | D:3      | HP: 3/21 [buskinjo's ghost/blast of sand (12)]
  3344 | D:3      | Killed from afar by an orc priest
  3345 | D:3      | Reached XP level 3. HP: 0/17 MP: 6/6
  3484 | D:3      | Killed from afar by buskinjo's ghost

Skill      XL: |  1  2  3 |
---------------+----------+-----
Stealth        | 2 3 |  3.6
Fighting       | 2 3 |  3.6
Dodging        | |  2.6
Unarmed Combat | |  1.0
Evocations     | |  3.2

Action                   |  1- 3 |  4- 6 || total
-------------------------+-------+-------++-------
Melee: Unarmed           |    79 |    20 ||    99
       Bite              |     1 |     3 ||     4
Evoke: Wand              |    18 |    13 ||    31
  Use: Scroll            |     6 |     1 ||     7
 Stab: Sleeping          |     8 |     1 ||     9
       Confused          |     2 |     2 ||     4
  Eat: Chunk             |     3 |     2 ||     5
Armor: Skin              |     6 |     1 ||     7
Dodge: Dodged            |    72 |    11 ||    83

Vault maps used:
D:1:      minmay_arrival_doors
D:2:      chequers_temple_overflow_statue_of_worship, uniq_crazy_yiuf_cottage
D:3:      old_standard_altar, st_stairs_6, minmay_misc_feat_tower, uniq_grinder,
          uniq_ijyb

Table legend:
 A = Turns spent in this place as a percentage of turns spent in the entire game.
 B = Non-inter-level travel turns spent in this place as a percentage of non-inter-level travel turns spent in the entire game.
 C = Inter-level travel turns spent in this place as a percentage of turns spent in this place.
 D = Turns resting spent in this place as a percentage of non-inter-level travel turns spent in this place.
 E = Turns spent auto-exploring this place as a percentage of non-inter-level travel turns spent in this place.
 F = Non-inter-level travel turns spent in this place divided by the number of levels of this place that you've seen.
                   A       B       C       D       E      F
               +-------+-------+-------+-------+-------+----------------------
         Total | 100.0 | 100.0 |   8.0 |  44.9 |  38.8 | 1068.3
       Dungeon | 100.0 | 100.0 |   8.0 |  44.9 |  38.8 | 1068.3
               +-------+-------+-------+-------+-------+----------------------

Table legend:
 A = Kills in this place as a percentage of kills in entire the game.
 B = Kills by you in this place as a percentage of kills by you in the entire game.
 C = Kills by friends in this place as a percentage of kills by friends in the entire game.
 D = Other kills in this place as a percentage of other kills in the entire game.
 E = Experience gained in this place as a percentage of experience gained in the entire game.
 F = Experience gained in this place divided by the number of levels of this place that you have seen.
                   A       B       C       D       E      F
               +-------+-------+-------+-------+-------+----------------------
         Total | 100.0 | 100.0 | 100.0 |   N/A | 100.0 |  46.7
       Dungeon | 100.0 | 100.0 | 100.0 |   N/A | 100.0 |  46.7
               +-------+-------+-------+-------+-------+----------------------
